 Dungeon Crawl Stone Soup version 0.30.0-29-ga12c61a403 (webtiles) character file.

Game seed: 9851290779068733255

102888 raetorn the Eclecticist (level 15, -14/77 HPs)
             Began as a Spriggan Enchanter on June 4, 2023.
             Was the Champion of Wu Jian.
             Demolished by a +0 triple crossbow of penetration (43 damage)
             ... in a wizard's laboratory.
             The game lasted 01:04:49 (27035 turns).

raetorn the Eclecticist (Spriggan Enchanter)       Turns: 27035, Time: 01:04:50

Health: -14/77     AC:  7    Str:  4    XL:     15   Next: 87%
Magic:  39/39      EV: 24    Int: 30    God:    Wu Jian [******]
Gold:   1270       SH:  0    Dex: 16    Spells: 23/52 levels left

rFire   + . .        a - +1 dagger (venom)
rCold   + . .        A - orb {guile}
rNeg    . . .        W - +2 robe {rC+ rF+}
rPois   .            w - +2 hat
rElec   .            F - +0 cloak
rCorr   .            (gloves unavailable)
SInv    +            (boots unavailable)
Will    .....        n - amulet of magic regeneration
Stlth   +++++++      B - ring of flight
HPRegen 0.32/turn    T - +6 ring of intelligence
MPRegen 0.66/turn

%: no passive effects
@: flying, invisible, very quick
A: very small, no large weapons, unfitting armour, see invisible, speed 3,
subdued magic 1
a: Renounce Religion, Wall Jump, Serpent's Lash, Heavenly Storm


You were in a wizard's laboratory.
You worshipped Wu Jian.
Wu Jian was exalted by your worship.
You visited 5 branches of the dungeon, and saw 24 of its levels.
You also visited: Gauntlet and Wizlab.

You collected 1878 gold pieces.
You spent 608 gold pieces at shops.

Inventory:

Hand Weapons
 a - a +1 dagger of venom (weapon)
Missiles
 k - 6 atropa-tipped darts (quivered)
Armour
 q - a +2 troll leather armour
 w - a +2 hat (worn)
 A - an orb of guile (worn)
 F - a +0 cloak (worn)
 J - +0 acid dragon scales
 M - an orb of energy
 W - a +2 robe of resistance (worn)
Jewellery
 f - a ring of ice
 n - an amulet of magic regeneration (around neck)
 B - a ring of flight (left hand)
 E - an amulet of reflection
 L - an amulet of regeneration
 T - a +6 ring of intelligence (right hand)
Wands
 l - a wand of charming (9)
 u - a wand of flame (33)
 P - a wand of polymorph (3)
 Q - a wand of digging (5)
 V - a wand of mindburst (10)
Scrolls
 d - 3 scrolls of enchant weapon
 h - 2 scrolls of silence
 i - 10 scrolls of magic mapping {unknown}
 m - a scroll of fear
 r - 4 scrolls of fog
 x - 15 scrolls of teleportation
 y - 3 scrolls of enchant armour
 C - 2 scrolls of amnesia
 D - 3 scrolls of immolation
 H - 3 scrolls of torment
 I - 4 scrolls of butterflies
 K - 2 scrolls of brand weapon
 N - 2 scrolls of poison
 R - a scroll of vulnerability
 U - 2 scrolls of blinking
Potions
 c - 2 potions of invisibility
 e - 6 potions of lignification
 g - 4 potions of flight
 j - 7 potions of haste
 o - 5 potions of brilliance
 p - 9 potions of curing
 s - 4 potions of heal wounds {unknown}
 t - 3 potions of magic
 v - 7 potions of mutation
 z - 2 potions of cancellation {unknown}
 G - 3 potions of attraction {unknown}
 O - 3 potions of might {unknown}
 X - a potion of resistance {unknown}
Miscellaneous
 b - a phantom mirror
 S - a piece from Xom's chessboard (15/15)


   Skills:
 + Level 7.7 Fighting
 - Level 11.3 Short Blades
 + Level 10.9 Dodging
 + Level 18.2 Stealth
 * Level 19.4 Spellcasting
 + Level 14.4 Hexes
 + Level 3.1 Necromancy
 + Level 4.7 Transmutations
 + Level 3.1 Earth Magic
 + Level 3.5 Poison Magic


You had 23 spell levels left.
You knew the following spells:

 Your Spells              Type           Power      Damage    Failure   Level
a - Ensorcelled Hibernat  Hex/Ice        100%       N/A       1%          2
b - Confusing Touch       Hex            73%        N/A       0%          3
c - Tukima's Dance        Hex            73%        N/A       0%          3
d - Dazzling Flash        Conj/Hex       100%       N/A       1%          3
e - Ignite Poison         Fire/Tmut/Pois 35%        N/A       1%          3
f - Summon Mana Viper     Hex/Summ       54%        N/A       1%          5
g - Alistair's Intoxicat  Tmut/Pois      27%        N/A       5%          5
h - Borgnjor's Vile Clut  Necr/Erth      18%        N/A       8%          5

Your spell library contained the following spells:

 Spells                   Type           Power      Damage    Failure   Level
 Summon Small Mammal      Summ           88%        N/A       1%          1
 Cigotuvi's Dreadful Rot  Necr/Pois/Air  64%        N/A       1%          2
 Summon Guardian Golem    Hex/Summ       54%        N/A       1%          3
 Call Canine Familiar     Summ           22%        N/A       3%          3
 Summon Ice Beast         Ice/Summ       22%        N/A       11%         4
 Summon Lightning Spire   Summ/Air       22%        N/A       11%         4
 Freezing Cloud           Conj/Ice/Air   11%        6-21      32%         5
 Eringya's Noxious Bog    Tmut/Pois      20%        N/A       32%         6
 Storm Form               Tmut/Air       16%        N/A       99%         7
 Monstrous Menagerie      Summ           11%        N/A       100%        7
 Maxwell's Capacitive Co  Air            11%        ∞         100%        8


Dungeon Overview and Level Annotations

Branches:
Dungeon (15/15)            Temple (1/1) D:6            Lair (5/5) D:11
  Swamp (0/4) Lair:2        Snake (0/4) Lair:2        Slime (0/5) Lair:5
    Orc (2/2) D:9             Elf (0/3) Orc:2        Vaults (0/5) D:13
 Depths (1/4) D:15         WizLab (1/1)             Gauntlet (visited)

Altars:
Fedhas
Nemelex Xobeh
Okawaru
Qazlal
Trog
Uskayaw
Vehumet
Wu Jian
Xom

Shops:
D:5 (   D:12 !   Orc:2 :[**

Portals:
Pandemonium: Orc:2

Annotations:
D:11 2 transporters, grizmgrazm2's ghost, journeyman MfTm
Lair:3 1 exclusion
Orc:1 1 runed translucent door, grothendieck's ghost, journeyman MiFi


Innate Abilities, Weirdness & Mutations

You are very small and have problems with some larger weapons.
You are too small for most types of armour.
You have supernaturally acute eyesight. (SInv)
You cover ground extremely quickly. (Speed+++)
Your spells are a little easier to cast, but a little less powerful.


Message History

There are monsters nearby!
Casting: Ensorcelled Hibernation (safe; 1% risk of failure)
Confirm with . or Enter, or press ? or * to list all spells.
Aiming: Borgnjor's Vile Clutch (dangerous; 9% risk of failure)
Press: ? - help, Shift-Dir - straight line, f - +1 longbow of flaming
Aim: a +1 longbow of flaming (wandering, hasn't noticed you, 100% to hit)
Zombie hands grab the +1 longbow of flaming.
The zombie hands constrict the +1 longbow of flaming.
The +1 longbow of flaming shoots an arrow.
The arrow hits you! The arrow burns you.
You fade into invisibility!
The zombie hands constrict the +1 longbow of flaming.
The +1 longbow of flaming shoots an arrow.
The arrow completely misses you.
You hit the +1 longbow of flaming.
The +1 longbow of flaming is heavily damaged.
The zombie hands constrict the +1 longbow of flaming.
The +1 longbow of flaming misses you.
You strike the helpless +1 longbow of flaming from behind!
You spit the +1 longbow of flaming like a pig!!!
The +1 longbow of flaming falls from the air.
The Council accepts your kill.
The +0 heavy trident closely misses you.
You strike the helpless +0 heavy trident from behind!
You perforate the +0 heavy trident like a sieve!!!
The +0 heavy trident falls from the air.
The Council accepts your kill.
Things that are here:
a +0 heavy trident; a +0 robe
Things that are here:
a +1 longbow of flaming; a +0 robe You reach down and open the large door.
You closely miss the +0 triple crossbow of penetration.
You hit the +0 triple crossbow of penetration but do no damage.
You catch the helpless +0 triple crossbow of penetration completely off-guard!
You skewer the +0 triple crossbow of penetration like a kebab!!!
The +0 triple crossbow of penetration is almost destroyed.
The +0 triple crossbow of penetration hits you!!!
Ouch! That really hurt!
You die...

##.R.###.....###..)##
##...###..⌠..###...##
##.[.###.....###...##
##...###..)..###...##
###..###..)..###..###
###..####)..####..###
#.(.# ###)### #.))#
#++#####...#####('#
##..###.....###@.##
##........))...##
##...#...#).)##
######∩.∩###### #####
#####


You could see a +0 triple crossbow of penetration (wandering, unable to see
you).

Vanquished Creatures
  A shadow dragon (D:12)
  An orc warlord (Orc:2)
  A stone giant (D:15)
  An ettin (D:12)
  A yaktaur captain (D:12)
  6 rakshasas (WizLab)
  4 hydras
  Harold (Lair:1)
  Erica (Lair:1)
  A demonspawn (Orc:2)
  2 centaur warriors
  A merfolk avatar (Lair:5)
  5 dancing weapons (WizLab)
  4 boulder beetles
  2 tengu warriors (D:15)
  6 two-headed ogres
  5 orc high priests (Orc:2)
  2 skysharks
  Nergalle (Lair:1)
  A death drake (shapeshifter) (D:13)
  7 orc knights
  A harpy (D:12)
  A deep elf pyromancer (D:14)
  A harpy (shapeshifter) (D:15)
  7 orc sorcerers
  2 oklob plants
  A cyclops (shapeshifter) (D:13)
  3 manticores
  32 ugly things
  4 cyclopes
  3 rust devils (Orc:2)
  4 black mambas
  5 elephants (Lair:3)
  10 cane toads
  2 gargoyles (D:12)
  Maggie (D:8)
  An unseen horror (D:10)
  2 kobold demonologists
  8 komodo dragons
  An efreet (D:14)
  2 freezing wraiths (D:15)
  4 yaktaurs (D:13)
  2 rime drakes (Lair:5)
  A tengu conjurer (D:15)
  3 trolls (D:12)
  4 wind drakes (Lair:5)
  3 hornets
  2 polar bears
  Grinder (D:4)
  14 blink frogs
  A snapping turtle (Lair:5)
  A dream sheep (Lair:2)
  5 slime creatures
  3 shadows
  12 wyverns
  27 yaks
  4 vampires
  5 steam dragons
  Grum (D:8)
  6 basilisks
  8 vampire mosquitoes
  A warg (Orc:1)
  Menkaure (D:7)
  2 acid dragons
  A hell hound (D:13)
  19 water moccasins
  Duvessa (D:4)
  2 ice beasts
  24 orc warriors
  3 ogres
  A sky beast (D:7)
  7 black bears
  5 wolves
  8 centaurs
  4 kobold brigands
  A gnoll sergeant (D:7)
  13 bullfrogs
  6 scorpions
  Dowan (D:4)
  5 wights (D:8)
  18 killer bees
  An electric eel (Lair:2)
  2 lava snakes (D:12)
  6 crimson imps (D:9)
  21 orc priests
  4 hounds
  6 jellies
  2 gnoll boudas
  3 sleepcaps
  Terence (D:2)
  3 iguanas
  25 orc wizards
  Robin (D:4)
  8 gnolls
  8 adders
  3 shadow imps
  2 white imps (D:9)
  2 dart slugs
  50 orcs
  3 bats (D:1)
  10 endoplasms
  3 giant cockroaches
  8 hobgoblins
  4 jackals (D:4)
  3 quokkas
  5 ball pythons
  4 frilled lizards
  8 goblins
  35 kobolds
  A rat (D:3)
607 creatures vanquished.

Vanquished Creatures (collateral kills)
  Azrael (D:13)
  2 rakshasas (WizLab)
  A centaur warrior (D:14)
  A demonspawn (Orc:2)
  2 ogre magi
  2 dancing weapons (WizLab)
  A death knight (D:15)
  A tengu warrior (D:15)
  An ugly thing (D:14)
  2 orc sorcerers (Orc:2)
  Joseph (D:8)
  A red devil (Orc:2)
  A blink frog (shapeshifter) (D:14)
  A slime creature (D:13)
  A wraith (D:15)
  4 fire elementals
  A vampire mosquito (D:12)
  10 orc warriors
  An ogre (Orc:2)
  A wight (D:8)
  6 orc priests (Orc:2)
  3 orc wizards
  8 gnolls
  11 orcs
64 creatures vanquished.

Vanquished Creatures (others)
  An unseen horror (D:12)
  29 dancing weapons
  A centaur (D:13)
  2 orcs (Orc:2)
  A kobold (D:9)
34 creatures vanquished.

Grand Total: 705 creatures vanquished

Notes
Turn   | Place    | Note
-------+----------+-------------------------------------------
     0 | D:1      | raetorn the Spriggan Enchanter began the quest for the Orb.
     0 | D:1      | Reached XP level 1. HP: 9/9 MP: 5/5
    11 | D:1      | HP: 4/9 [hobgoblin (5)]
    64 | D:2      | Found a sparkling altar of Nemelex Xobeh.
    71 | D:2      | HP: 6/9 [quokka (3)]
   110 | D:2      | HP: 7/9 [frilled lizard (2)]
   198 | D:2      | Reached skill level 3 in Spellcasting
   198 | D:2      | Reached XP level 2. HP: 13/13 MP: 7/7
   220 | D:2      | Learned a level 2 spell: Ensorcelled Hibernation
   262 | D:2      | HP: 11/13 [frilled lizard (2)]
   361 | D:2      | HP: 12/13 [hobgoblin (1)]
   424 | D:2      | Noticed Terence
   429 | D:2      | HP: 12/13 [Terence/+0 morningstar (1)]
   436 | D:2      | Killed Terence
   437 | D:2      | Reached skill level 5 in Stealth
   437 | D:2      | Reached XP level 3. HP: 11/16 MP: 7/9
   518 | D:2      | HP: 15/16 [endoplasm (1)]
   600 | D:2      | Reached skill level 4 in Spellcasting
   601 | D:2      | HP: 14/16 [adder (2)]
   606 | D:2      | HP: 7/16 [poisoned by an adder]
   611 | D:2      | HP: 4/16 [poisoned by an adder]
   753 | D:2      | HP: 14/16 [ball python (2)]
   755 | D:2      | Reached XP level 4. HP: 17/21 MP: 11/11
   783 | D:2      | HP: 16/21 [hobgoblin (5)]
   790 | D:2      | Learned a level 3 spell: Confusing Touch
   794 | D:2      | Learned a level 3 spell: Tukima's Dance
   803 | D:2      | Learned a level 3 spell: Dazzling Flash
  1055 | D:2      | Found a faded altar of an unknown god.
  1589 | D:1      | HP: 17/21 [hobgoblin (4)]
  1670 | D:1      | HP: 16/21 [dart slug/slug dart (5)]
  1738 | D:1      | HP: 20/21 [endoplasm (1)]
  1897 | D:1      | HP: 19/21 [giant cockroach (2)]
  2439 | D:3      | HP: 16/21 [kobold/+0 whip (5)]
  2475 | D:3      | HP: 20/21 [kobold/+0 club (1)]
  2613 | D:3      | HP: 18/21 [adder (3)]
  2830 | D:3      | HP: 20/21 [giant cockroach (1)]
  2923 | D:3      | HP: 19/21 [frilled lizard (2)]
  3079 | D:4      | Noticed a scorpion
  3119 | D:4      | HP: 18/21 [orc/+0 club (3)]
  3124 | D:4      | HP: 12/21 [orc/+0 club (1)]
  3250 | D:4      | Noticed Grinder
  3255 | D:4      | HP: 13/21 [Grinder/puff of flame (8)]
  3283 | D:4      | Killed Grinder
  3284 | D:4      | Reached skill level 5 in Spellcasting
  3284 | D:4      | Reached skill level 5 in Hexes
  3284 | D:4      | Reached XP level 5. HP: 20/24 MP: 12/14
  3284 | D:4      | Reached XP level 6. HP: 24/28 MP: 12/15
  3468 | D:4      | HP: 24/28 [scorpion (4)]
  3500 | D:4      | Noticed Dowan
  3531 | D:4      | Killed Dowan
  3599 | D:4      | Noticed Duvessa
  3643 | D:4      | Killed Duvessa
  3644 | D:4      | Reached skill level 6 in Spellcasting
  3644 | D:4      | Reached XP level 7. HP: 32/32 MP: 15/17
  3708 | D:4      | HP: 29/32 [orc/+0 hand axe (3)]
  3746 | D:4      | HP: 31/32 [sleepcap (1)]
  3755 | D:4      | HP: 27/32 [sleepcap (5)]
  3761 | D:4      | HP: 25/32 [sleepcap (3)]
  3847 | D:4      | HP: 31/32 [black bear (1)]
  3882 | D:4      | HP: 30/32 [jackal (2)]
  3990 | D:4      | Identified the +5 spear of Ximpimo {antimagic, rCorr Str+2
                  | Stlth-}
  4271 | D:4      | Noticed Robin
  4273 | D:4      | HP: 27/32 [orc/+0 flail (5)]
  4283 | D:5      | Entered Level 5 of the Dungeon
  4319 | D:5      | Found High's Weapon Shoppe.
  4332 | D:5      | Reached skill level 7 in Spellcasting
  4416 | D:5      | HP: 30/32 [water moccasin (2)]
  4420 | D:5      | Reached XP level 8. HP: 24/36 MP: 15/20
  4421 | D:5      | HP: 21/36 [poisoned by a water moccasin]
  4426 | D:5      | HP: 17/36 [poisoned by a water moccasin]
  4561 | D:5      | HP: 35/36 [ice beast (1)]
  4628 | D:5      | HP: 35/36 [gnoll[a gnoll bouda] (1)]
  4636 | D:5      | HP: 30/36 [gnoll/+0 club[a gnoll bouda] (6)]
  4819 | D:5      | Reached skill level 5 in Short Blades
  4819 | D:5      | Reached skill level 8 in Spellcasting
  5164 | D:4      | Killed Robin
  5175 | D:4      | HP: 33/36 [goblin/+0 club[Robin] (3)]
  5184 | D:4      | HP: 31/36 [goblin/+0 dagger[Robin] (1)]
  5191 | D:4      | HP: 24/36 [orc/+0 flail (9)]
  5490 | D:6      | Found a staircase to the Ecumenical Temple.
  5504 | Temple   | Entered the Ecumenical Temple
  5564 | Temple   | Became a worshipper of the Wu Jian Council
  5595 | D:6      | HP: 26/36 [orc/+0 war axe (10)]
  5726 | D:6      | Reached skill level 9 in Spellcasting
  5861 | D:6      | HP: 33/36 [orc/+0 war axe (3)]
  5972 | D:6      | Reached XP level 9. HP: 39/39 MP: 19/23
  6006 | D:6      | HP: 36/39 [sleepcap (3)]
  6065 | D:6      | HP: 37/39 [adder (2)]
  6527 | D:7      | Noticed Menkaure
  6548 | D:7      | HP: 28/39 [Menkaure/nerve-wracking pain (11)]
  6553 | D:7      | Killed Menkaure
  6555 | D:7      | HP: 25/39 [bullfrog (4)]
  6662 | D:7      | Reached skill level 10 in Spellcasting
  6798 | D:7      | HP: 37/39 [kobold/+0 whip (2)]
  6810 | D:7      | Reached skill level 10 in Stealth
  6810 | D:7      | HP: 36/39 [kobold/+0 whip (3)]
  6819 | D:7      | HP: 33/39 [kobold/+0 whip (1)]
  6827 | D:7      | HP: 33/39 [orc/+0 club (2)]
  6834 | D:7      | HP: 29/39 [orc wizard/puff of flame (5)]
  6840 | D:7      | HP: 28/39 [orc wizard/+0 dagger (2)]
  6906 | D:7      | Reached * piety under Wu Jian
  6915 | D:7      | HP: 35/39 [gnoll/+0 spear[a gnoll sergeant] (4)]
  6991 | D:7      | Found a stormy altar of Qazlal.
  7015 | D:7      | HP: 34/39 [kobold brigand/+0 whip (5)]
  7034 | D:7      | Found a blossoming altar of Fedhas.
  7034 | D:7      | HP: 35/39 [poisoned by a kobold]
  7039 | D:7      | HP: 29/39 [poisoned by a kobold]
  7437 | D:7      | HP: 33/39 [scorpion (6)]
  7442 | D:7      | HP: 25/39 [poisoned by a scorpion]
  7447 | D:7      | HP: 21/39 [poisoned by a scorpion]
  7788 | D:8      | HP: 38/39 [bullfrog (1)]
  7795 | D:8      | HP: 36/39 [bullfrog (3)]
  7863 | D:8      | HP: 36/39 [bullfrog (3)]
  7981 | D:8      | Noticed Joseph
  7997 | D:8      | HP: 30/39 [Joseph (9)]
  8007 | D:8      | Killed Joseph
  8008 | D:8      | Reached skill level 11 in Spellcasting
  8013 | D:8      | Learned a level 3 spell: Ignite Poison
  8055 | D:8      | Reached XP level 10. HP: 44/44 MP: 26/26
  8089 | D:8      | HP: 38/44 [killer bee (6)]
  8094 | D:8      | HP: 31/44 [poisoned by a killer bee]
  8487 | D:8      | HP: 40/44 [wight (4)]
  8519 | D:8      | Noticed Grum
  8543 | D:8      | Killed Grum
  8602 | D:8      | HP: 40/44 [wight (4)]
  8771 | D:8      | Noticed Maggie
  8777 | D:8      | Killed Maggie
  8778 | D:8      | Reached skill level 12 in Spellcasting
  8934 | D:9      | Reached ** piety under Wu Jian
  8936 | D:9      | HP: 40/44 [kobold demonologist/+0 dagger (4)]
  8990 | D:9      | Found a staircase to the Orcish Mines.
  9099 | D:9      | HP: 43/44 [kobold/+0 short sword (1)]
  9153 | D:9      | HP: 40/44 [crimson imp (4)]
  9159 | D:9      | HP: 31/44 [white imp/puff of frost (9)]
  9172 | D:9      | HP: 30/44 [white imp/puff of frost (3)]
  9183 | D:9      | HP: 19/44 [shadow imp (4)]
  9299 | D:9      | Noticed a two-headed ogre
  9305 | D:9      | Killed a two-headed ogre
  9437 | D:10     | Entered Level 10 of the Dungeon
  9553 | D:10     | Reached skill level 13 in Spellcasting
  9556 | D:10     | Reached XP level 11. HP: 48/48 MP: 29/29
  9695 | D:10     | Reached skill level 1 in Fighting
  9801 | D:10     | Reached *** piety under Wu Jian
 10063 | D:10     | Reached skill level 10 in Hexes
 10229 | D:11     | HP: 36/49 [orc priest/divine providence (13)]
 10236 | D:11     | HP: 30/49 [poisoned by an orc]
 10241 | D:11     | HP: 27/49 [poisoned by an orc]
 10407 | D:11     | HP: 46/49 [bullfrog (3)]
 10463 | D:11     | Found a staircase to the Lair.
 10485 | D:11     | HP: 38/49 [wyvern (11)]
 10658 | D:11     | Found a transporter.
 10662 | D:11     | Found a transporter.
 10664 | D:11     | Found a bloodstained altar of Trog.
 10677 | D:11     | Noticed grizmgrazm2's ghost (journeyman MfTm)
 10677 | D:11     | Noticed a tengu warrior
 10850 | D:12     | HP: 43/50 [yak (7)]
 10856 | D:12     | HP: 32/50 [yak (2)]
 10873 | D:12     | HP: 22/50 [gargoyle/stone arrow (14)]
 10875 | D:12     | HP: 3/50 [gargoyle/stone arrow (10)]
 11124 | D:12     | Noticed a brown ugly thing
 11126 | D:12     | Killed a brown ugly thing
 11152 | D:12     | Noticed a red ugly thing
 11156 | D:12     | Killed a red ugly thing
 11224 | D:12     | Noticed a red ugly thing
 11230 | D:12     | Killed a red ugly thing
 11231 | D:12     | Reached skill level 14 in Spellcasting
 11461 | D:12     | Found Unurowey's Distillery.
 11592 | D:12     | HP: 40/51 [vampire mosquito (11)]
 11666 | D:12     | HP: 45/51 [centaur/arrow (4)]
 11671 | D:12     | HP: 40/51 [centaur (6)]
 11714 | Lair:1   | Entered Level 1 of the Lair of Beasts
 11722 | Lair:1   | Noticed Harold
 11725 | Lair:1   | HP: 44/51 [Harold/harpoon shot (6)]
 11732 | Lair:1   | Killed Harold
 11880 | Lair:1   | Noticed Nergalle
 11882 | Lair:1   | Identified the +1 leather armour "Wothrous" {rElec}
 11884 | Lair:1   | HP: 48/52 [Nergalle/+2 dagger of speed (4)]
 11886 | Lair:1   | Killed Nergalle
 11890 | Lair:1   | HP: 48/52 [basilisk (2)]
 11901 | Lair:1   | Reached **** piety under Wu Jian
 11951 | Lair:1   | Reached XP level 12. HP: 56/56 MP: 22/31
 12022 | Lair:1   | HP: 52/56 [komodo dragon (4)]
 12063 | Lair:1   | Noticed Erica
 12069 | Lair:1   | Killed Erica
 12183 | Lair:1   | HP: 55/58 [basilisk (3)]
 12200 | Lair:1   | Reached skill level 15 in Spellcasting
 12537 | Lair:2   | HP: 52/58 [black bear (6)]
 12542 | Lair:2   | HP: 49/58 [black bear (3)]
 12660 | Lair:2   | HP: 47/58 [polar bear (11)]
 12846 | Lair:2   | HP: 54/58 [bullfrog (4)]
 12934 | Lair:2   | Reached skill level 10 in Short Blades
 13042 | Lair:2   | Found a staircase to the Snake Pit.
 13190 | Lair:2   | Found a staircase to the Swamp.
 13212 | Lair:2   | HP: 50/58 [electric eel/bolt of electricity (8)]
 13218 | Lair:2   | HP: 44/58 [vampire mosquito (8)]
 13223 | Lair:2   | HP: 30/58 [vampire mosquito (6)]
 13228 | Lair:2   | HP: 15/58 [vampire mosquito (7)]
 13428 | Lair:2   | Noticed a four-headed hydra
 13433 | Lair:2   | Killed a four-headed hydra
 13444 | Lair:2   | HP: 55/58 [vampire mosquito (3)]
 13473 | Lair:2   | HP: 37/58 [cane toad (21)]
 13549 | Lair:2   | Noticed a five-headed hydra
 13555 | Lair:2   | Killed a five-headed hydra
 13556 | Lair:2   | Reached skill level 5 in Dodging
 13617 | Lair:2   | HP: 57/58 [vampire mosquito (1)]
 13695 | Lair:2   | HP: 55/58 [vampire mosquito (3)]
 13701 | Lair:2   | HP: 48/58 [vampire mosquito (8)]
 13707 | Lair:2   | HP: 40/58 [vampire mosquito (3)]
 13710 | Lair:2   | Reached ***** piety under Wu Jian
 13777 | Lair:2   | HP: 48/58 [electric eel/bolt of electricity (10)]
 14236 | Lair:3   | Reached skill level 15 in Stealth
 14308 | Lair:3   | HP: 51/58 [killer bee (7)]
 14313 | Lair:3   | HP: 45/58 [poisoned by a killer bee]
 14318 | Lair:3   | HP: 43/58 [poisoned by a killer bee]
 14323 | Lair:3   | HP: 43/58 [poisoned by a killer bee]
 14367 | Lair:3   | Reached XP level 13. HP: 63/63 MP: 30/33
 14405 | Lair:3   | Identified the +9 mace of Exoneration {heavy, Str+4}
 14488 | Lair:3   | Reached skill level 16 in Spellcasting
 15535 | Lair:4   | Reached skill level 5 in Fighting
 15671 | Lair:4   | HP: 52/63 [yak (11)]
 16058 | Lair:5   | Entered Level 5 of the Lair of Beasts
 16149 | Lair:5   | Found a gate leading to a gauntlet.
 16160 | Gauntlet | Entered a Gauntlet
 16160 | Gauntlet | Found a transporter.
 16168 | Gauntlet | Found a transporter.
 16169 | Gauntlet | Found a transporter.
 16176 | Gauntlet | Found a transporter.
 16180 | Gauntlet | Found a transporter.
 16188 | Gauntlet | Found a transporter.
 16192 | Gauntlet | Found a transporter.
 16196 | Gauntlet | Found a runed translucent door.
 16197 | Gauntlet | Found a runed translucent door.
 16200 | Gauntlet | Found a transporter.
 16204 | Gauntlet | Found a transporter.
 16215 | Gauntlet | Found a transporter.
 16243 | Gauntlet | Found a transporter.
 16255 | Gauntlet | Found a transporter.
 16268 | Gauntlet | Found a transporter.
 16281 | Gauntlet | Found a transporter.
 16461 | Lair:5   | Found a staircase to the Slime Pits.
 16510 | Lair:5   | HP: 54/63 [something/ball of steam (9)]
 16893 | Lair:5   | HP: 61/64 [black mamba (3)]
 16898 | Lair:5   | HP: 57/64 [poisoned by a black mamba]
 16903 | Lair:5   | HP: 56/64 [poisoned by a black mamba]
 16908 | Lair:5   | HP: 57/64 [poisoned by a black mamba]
 17101 | Lair:5   | Identified the +1 trident of Valiance {venom, Fly rCorr
                  | Str+3 Stlth+}
 17130 | Lair:5   | HP: 54/64 [yak (10)]
 17139 | Lair:5   | HP: 47/64 [wind drake/the air (15)]
 17151 | Lair:5   | Reached skill level 17 in Spellcasting
 17152 | Lair:5   | HP: 50/65 [yak (7)]
 17652 | Orc:1    | Entered Level 1 of the Orcish Mines
 17654 | Orc:1    | HP: 61/65 [orc sorcerer/+0 dagger (4)]
 17717 | Orc:1    | Found a runed translucent door.
 17719 | Orc:1    | Found a shimmering altar of Xom.
 17719 | Orc:1    | Noticed grothendieck's ghost (journeyman MiFi)
 17803 | Orc:1    | HP: 54/65 [orc priest/divine providence (11)]
 17813 | Orc:1    | HP: 44/65 [orc warrior/+0 battleaxe (18)]
 17822 | Orc:1    | HP: 55/65 [orc priest/nerve-wracking pain (2)]
 17834 | Orc:1    | Paralysed by an orc sorcerer for 2 turns
 17836 | Orc:1    | HP: 48/63 [orc sorcerer/bolt of negative energy (15)]
 17845 | Orc:1    | HP: 53/64 [orc wizard/puff of flame (3)]
 18066 | Orc:1    | HP: 64/65 [orc wizard/puff of flame (1)]
 18070 | Orc:1    | Reached ****** piety under Wu Jian
 18353 | Orc:2    | Entered Level 2 of the Orcish Mines
 18392 | Orc:2    | HP: 58/65 [orc priest/divine providence (7)]
 18405 | Orc:2    | HP: 52/65 [orc priest/divine providence (13)]
 18413 | Orc:2    | HP: 48/65 [orc priest/divine providence (10)]
 18552 | Orc:2    | HP: 62/65 [orc priest/+0 club (3)]
 18784 | Orc:2    | HP: 60/65 [orc priest/nerve-wracking pain (5)]
 18884 | Orc:2    | HP: 63/65 [orc warrior/+0 trident of venom (2)]
 18889 | Orc:2    | HP: 60/65 [poisoned by an orc warrior]
 18894 | Orc:2    | HP: 61/65 [poisoned by an orc warrior]
 18907 | Orc:2    | HP: 45/65 [orc sorcerer/bolt of fire[an orc warlord] (20)]
 18927 | Orc:2    | HP: 55/65 [orc warrior (7)]
 19036 | Orc:2    | HP: 62/65 [orc wizard/magic dart[an orc warlord] (3)]
 19039 | Orc:2    | Noticed an orc warlord
 19097 | Orc:2    | HP: 59/65 [orc wizard/magic dart[an orc warlord] (6)]
 19106 | Orc:2    | Reached XP level 14. HP: 69/70 MP: 25/36
 19111 | Orc:2    | HP: 62/70 [orc warrior[an orc warlord] (8)]
 19124 | Orc:2    | HP: 63/70 [orc warrior/+0 trident of venom (7)]
 19129 | Orc:2    | HP: 58/70 [poisoned by an orc warrior]
 19134 | Orc:2    | HP: 59/70 [poisoned by an orc warrior]
 19141 | Orc:2    | HP: 56/70 [orc warrior (9)]
 19251 | Orc:2    | Found a staircase to the Elven Halls.
 19410 | Orc:2    | HP: 69/70 [orc (1)]
 19443 | Orc:2    | HP: 68/70 [rust devil (2)]
 19571 | Orc:2    | Found Mialeo's General Store.
 19577 | Orc:2    | HP: 69/70 [orc/+0 hand axe (1)]
 19581 | Orc:2    | Found Uphues's General Store.
 19586 | Orc:2    | HP: 63/70 [orc/+2 dagger of venom (7)]
 19591 | Orc:2    | HP: 59/70 [poisoned by an orc]
 19596 | Orc:2    | HP: 59/70 [poisoned by an orc]
 19608 | Orc:2    | HP: 58/70 [orc warrior/bolt (9)]
 19653 | Orc:2    | HP: 55/70 [orc warrior/bolt (15)]
 19670 | Orc:2    | HP: 40/70 [orc priest/divine providence (15)]
 19782 | Orc:2    | HP: 62/70 [orc warrior (8)]
 19845 | Orc:2    | Killed an orc warlord
 19899 | Orc:2    | HP: 56/70 [smoke demon/divine providence[an orc high
                  | priest] (14)]
 20111 | Orc:2    | Paralysed by an orc sorcerer for 4 turns
 20117 | Orc:2    | Paralysed by an orc sorcerer for 3 turns
 20194 | Orc:2    | HP: 66/70 [orc knight (4)]
 20208 | Orc:2    | HP: 66/70 [red devil (1)]
 20364 | Orc:2    | HP: 59/70 [orc high priest/divine providence (11)]
 20369 | Orc:2    | HP: 41/70 [orc sorcerer/+0 dagger (5)]
 20375 | Orc:2    | Gained mutation: Your spells are a little easier to cast,
                  | but a little less powerful. [a neqoxec]
 20443 | Orc:2    | HP: 64/70 [orc priest/nerve-wracking pain (6)]
 20451 | Orc:2    | HP: 61/70 [orc priest/nerve-wracking pain (8)]
 20522 | Orc:2    | HP: 65/70 [orc sorcerer/+0 dagger (5)]
 20589 | Orc:2    | HP: 68/70 [orc sorcerer/+2 dagger of draining (2)]
 20594 | Orc:2    | HP: 41/69 [demonspawn (11)]
 20693 | Orc:2    | HP: 59/69 [orc high priest/divine providence (10)]
 20702 | Orc:2    | HP: 57/69 [smoke demon/divine providence[an orc high
                  | priest] (11)]
 20805 | Orc:2    | HP: 64/69 [demonspawn (5)]
 20814 | Orc:2    | Reached skill level 18 in Spellcasting
 20815 | Orc:2    | Found Ixtigo Ziest's Antique Armour Shoppe.
 20815 | Orc:2    | Found Vyckesh's Book Emporium.
 20817 | Orc:2    | Found a one-way gate leading to the halls of Pandemonium.
 20867 | Orc:2    | Bought a book of Beasts for 608 gold pieces
 20873 | Orc:2    | Learned a level 5 spell: Summon Mana Viper
 21212 | D:12     | HP: 64/70 [vampire mosquito (6)]
 21300 | D:12     | HP: 68/70 [boulder beetle (2)]
 21363 | D:12     | HP: 69/70 [harpy (1)]
 21372 | D:12     | HP: 54/70 [harpy (3)]
 21420 | D:12     | HP: 64/70 [harpy (6)]
 21425 | D:12     | HP: 48/70 [harpy (11)]
 21507 | D:12     | HP: 62/70 [vampire (8)]
 21566 | D:12     | Noticed a fire giant
 21584 | D:12     | Found a runed translucent gate.
 21584 | D:12     | Found a runed translucent gate.
 21584 | D:12     | Found a runed translucent gate.
 21663 | D:12     | Noticed a shadow dragon
 21670 | D:12     | HP: 63/70 [unseen horror (7)]
 21778 | D:12     | HP: 67/70 [vampire mosquito (3)]
 21785 | D:12     | HP: 64/70 [vampire mosquito (6)]
 21884 | D:12     | Found a runed translucent gate.
 21884 | D:12     | Found a runed translucent gate.
 21884 | D:12     | Found a runed translucent gate.
 21911 | D:12     | HP: 50/70 [fire giant (20)]
 22164 | D:12     | HP: 63/70 [shadow dragon (7)]
 22167 | D:12     | Killed a shadow dragon
 22246 | D:12     | HP: 51/70 [fire giant/bolt of fire (19)]
 22701 | D:13     | HP: 59/72 [slime creature (13)]
 22987 | D:13     | HP: 58/72 [two-headed ogre/+0 giant club (14)]
 23042 | D:13     | Reached skill level 1 in Transmutations
 23087 | D:13     | HP: 68/72 [two-headed ogre (4)]
 23092 | D:13     | HP: 32/72 [centaur warrior/arrow (21)]
 23247 | D:13     | HP: 69/72 [orc warrior/+0 halberd (3)]
 23253 | D:13     | Reached skill level 1 in Poison Magic
 23263 | D:13     | Reached skill level 1 in Earth Magic
 23352 | D:13     | HP: 64/72 [orc priest/divine providence (8)]
 23357 | D:13     | HP: 65/72 [yaktaur (3)]
 23368 | D:13     | HP: 54/72 [orc knight/bolt (9)]
 23438 | D:13     | HP: 61/72 [hell hound/blast of flame[Azrael] (11)]
 23454 | D:13     | Reached skill level 1 in Necromancy
 23454 | D:13     | Reached XP level 15. HP: 75/75 MP: 24/38
 23546 | D:13     | HP: 70/75 [fire elemental[Azrael] (5)]
 23552 | D:13     | HP: 69/75 [fire elemental[Azrael] (4)]
 23599 | D:13     | HP: 51/75 [orc knight/bolt (24)]
 23703 | D:13     | Found a gate to the Vaults.
 23727 | D:13     | Noticed Azrael
 23740 | D:13     | HP: 70/75 [fire elemental[Azrael] (5)]
 23788 | D:13     | Killed Azrael
 24165 | D:14     | Reached skill level 10 in Dodging
 24167 | D:14     | HP: 62/75 [brown ugly thing (13)]
 24173 | D:14     | HP: 54/75 [brown ugly thing (2)]
 24180 | D:14     | HP: 35/75 [brown ugly thing (15)]
 24344 | D:14     | HP: 72/75 [white ugly thing (3)]
 24375 | D:14     | HP: 71/75 [white ugly thing (4)]
 24390 | D:14     | HP: 56/75 [white ugly thing (9)]
 24518 | D:14     | HP: 71/75 [brown ugly thing (4)]
 24792 | D:14     | HP: 71/75 [centaur[a centaur warrior] (4)]
 24941 | D:14     | Reached skill level 19 in Spellcasting
 25038 | D:14     | Learned a level 5 spell: Alistair's Intoxication
 25044 | D:14     | Learned a level 5 spell: Borgnjor's Vile Clutch
 25072 | D:15     | Entered Level 15 of the Dungeon
 25106 | D:15     | HP: 64/75 [death knight/+3 battleaxe of electrocution (11)]
 25235 | D:15     | HP: 71/75 [red ugly thing (4)]
 25370 | D:15     | Found a shimmering altar of Xom.
 25376 | D:15     | Found a shimmering altar of Xom.
 25376 | D:15     | Found a shimmering altar of Xom.
 25376 | D:15     | Found a shimmering altar of Xom.
 25376 | D:15     | Found a shimmering altar of Xom.
 25379 | D:15     | HP: 58/75 [cyclops (17)]
 25415 | D:15     | Found a shimmering altar of Xom.
 25415 | D:15     | Found a shimmering altar of Xom.
 25428 | D:15     | HP: 65/75 [centaur warrior/arrow (10)]
 25429 | D:15     | HP: 30/75 [centaur warrior/arrow (25)]
 25838 | D:15     | Found a hide-covered altar of Uskayaw.
 25887 | D:15     | HP: 66/75 [tengu warrior/bolt (9)]
 25895 | D:15     | HP: 68/75 [tengu warrior (4)]
 25907 | D:15     | HP: 61/75 [tengu warrior (3)]
 25991 | D:15     | Found a staircase to the Depths.
 26002 | D:15     | HP: 36/75 [stone giant (39)]
 26181 | Depths:1 | Entered Level 1 of the Depths
 26283 | Depths:1 | HP: 69/75 [brown ugly thing (6)]
 26312 | Depths:1 | Found a magical portal.
 26424 | WizLab   | Entered Tukima's Studio
 26472 | WizLab   | HP: 63/76 [rakshasa (illusionary)/+0 long sword (13)]
 26587 | WizLab   | HP: 63/77 [mana viper collision (14)]
 26596 | WizLab   | HP: 56/77 [rakshasa/+0 trident (8)]
 26626 | WizLab   | HP: 43/77 [rakshasa/lance of force (18)]
 26633 | WizLab   | HP: 43/77 [rakshasa/+0 whip (2)]
 26750 | WizLab   | Noticed a strange machine
 26786 | WizLab   | HP: 63/77 [rakshasa (illusionary) (14)]
 26800 | WizLab   | HP: 65/77 [rakshasa (1)]
 26923 | WizLab   | HP: 27/77 [+0 triple crossbow of penetration/bolt (50)]
 26991 | WizLab   | HP: 31/77 [rakshasa (16)]
 27020 | WizLab   | HP: 28/77 [+1 longbow of flaming/arrow (12)]
 27035 | WizLab   | Demolished by a +0 triple crossbow of penetration

Illustrated notes

Levels and vault maps discovered:
D:1:      mrwooster_arrival_statue, layout_basic, minmay_misc_feat_columns,
          chequers_serial_rivers_marsh, grunt_decor_cap
D:2:      layout_loops_ring, dreamdust_ecumenical_altar_hidden_monk_grotto,
          basic_altar, uniq_terence
D:3:      layout_basic, chequers_serial_rivers_micro_d, roderic_serpentine_path
D:4:      layout_layer_cave, uniq_robin, uniq_grinder, uniq_duvessa
D:5:      layout_basic, serial_shops, nicolae_shop_hallway_plus,
          minmay_misc_feat_cross
D:6:      layout_loops_ring, minmay_temple_entry_wispy, st_stairs_7,
          chequers_serial_rivers_small_3, chequers_serial_rivers_micro_d,
          lemuel_flame_loot_1
D:7:      layout_basic, grunt_temple_overflow_forces_of_nature, moated_statue,
          uniq_menkaure
D:8:      layout_basic, uniq_maggie, uniq_joseph, uniq_grum
D:9:      layout_cave_pools, minmay_nine_imps
D:10:     layout_irregular_city, grunt_ministairs_2, roderic_lattice_a,
          minmay_stone_trees_small
D:11:     layout_roguey, grunt_lair_entry_orc_guard_hut,
          gammafunk_ghost_wrathful_warriors
D:12:     kennysheep_treasure_stockpile, layout_loops_ring, serial_shops,
          nicolae_shop_hallway_stairs
D:13:     layout_loops_ring, hangedman_vaults_entry_quadrant_bands, uniq_azrael
D:14:     layout_loops_ring, minivault_25
D:15:     grunt_enter_depths_snipers, layout_rooms, nicolae_xom_altar_mimics,
          nicolae_uskayaw_murder_on_the_dancefloor
Temple:   mainiacjoe_temple_cubbyholes
Lair:1:   layout_concentric_octagons, grunt_megastairs_3,
          infiniplex_staircase_pool, uniq_harold, uniq_nergalle, uniq_erica
Lair:2:   nzn_winding_woodlands_medium [nzn_winding_woodlands_5x5_default,
          nzn_winding_woodlands_5x15_river_crossing,
          nzn_winding_woodlands_5x5_checkerboard,
          nzn_winding_woodlands_5x5_cross, nzn_winding_woodlands_center_garden,
          nzn_winding_woodlands_5x5_default,
          nzn_winding_woodlands_5x5_open_star, nzn_winding_woodlands_5x15_twine,
          nzn_winding_woodlands_hourglass], layout_cellular_growth,
          minmay_swamp_entry_swarm, dummy_snake_entry, minmay_lair_oklob_items,
          beast_lair_carwin_1
Lair:3:   layout_gridlike, special_room [special_room_bee]
Lair:4:   layout_cave_shapes
Lair:5:   gammafunk_lair_ancient_temple, layout_gridlike,
          nicolae_slime_entry_slimehenge, gauntlet_entry_generic
Orc:1:    layout_caves, ebering_ghost_xom
Orc:2:    pf_orc_diabolical, layout_caves, basic_altar
Depths:1: layout_roguey, infiniplex_enter_wizlab_spiral, hangedman_coc_ice_floe,
          nicolae_ru_path_of_blood, zin_treasury, minmay_shoptagon
WizLab:   wizlab_tukima

Skill      XL: |  1  2  3  4  5  6  7  8  9 10 11 12 13 14 15 |
---------------+----------------------------------------------+-----
Spellcasting   | 3 4 5 6 7 9 11 13 14 15 17 18 19 | 19.4
Hexes          | 4 5 6 7 8 9 11 12 13 14 | 14.4
Stealth        | 5 6 7 9 10 12 13 15 16 17 18 | 18.2
Short Blades   | 2 3 4 5 7 8 9 10 11 | 11.3
Fighting       | 3 4 6 7 |  7.7
Dodging        | 5 7 9 10 | 10.9
Transmutations | 1 4 |  4.7
Poison Magic   | 1 3 |  3.5
Earth Magic    | 1 3 |  3.1
Necromancy     | 1 3 |  3.1

Action                     |  1- 3 |  4- 6 |  7- 9 | 10-12 | 13-15 || total
---------------------------+-------+-------+-------+-------+-------++-------
  Melee: Dagger            |    48 |   135 |   256 |   372 |   799 ||  1610
         Punch             |     1 |       |     2 |       |       ||     3
   Cast: Ensorcelled Hiber |    10 |    26 |    69 |   129 |   248 ||   482
         Confusing Touch   |       |     1 |     8 |    24 |    56 ||    89
         Tukima's Dance    |       |     1 |    11 |    15 |    96 ||   123
         Dazzling Flash    |       |       |    11 |    20 |    60 ||    91
         Summon Mana Viper |       |       |       |       |    40 ||    40
         Borgnjor's Vile C |       |       |       |       |    19 ||    19
         Alistair's Intoxi |       |       |       |       |     5 ||     5
Ability: Lunge             |       |       |    13 |    77 |   110 ||   200
         Whirlwind         |       |       |       |    29 |    89 ||   118
  Evoke: Wand              |       |     1 |       |     1 |       ||     2
    Use: Potion            |       |     1 |       |     1 |     6 ||     8
         Scroll            |       |       |       |    15 |    10 ||    25
   Stab: Sleeping          |     9 |    18 |    57 |   126 |   176 ||   386
         Confused          |       |     2 |     6 |    21 |    44 ||    73
         Invisible         |       |     3 |     8 |    16 |    53 ||    80
         Distracted        |       |       |       |     2 |     3 ||     5
 Armour: Robe              |     1 |     7 |    40 |    32 |    64 ||   144
  Dodge: Dodged            |    33 |    92 |   186 |   172 |   404 ||   887
